Map: [ESL] Solaris

Players

Jieshi - Winner!

  • Race: Protoss Protoss
  • Spawn Location: 7:00

Firefly

  • Race: Protoss Protoss
  • Spawn Location: 1:00

Event: ESL SC2 Masters 2023 Winter (Regional)

VOD

Have the link to the VOD?

Description

Time

  • Played on: Nov. 2, 2023, 8:02 a.m.
  • Length: 5:58

All games in this series

Show
View Real Time Build Order
Export as new Build Order

Jieshi Protoss - Winner!

Build Orders:  

Get SALT Encoding   

  12  0:00  Probe  
  13  0:12  Probe  
  14  0:17  Pylon  
  14  0:24  Probe (Chrono Boost)  
  15  0:36  Gateway  
  15  0:37  Probe (Chrono Boost)  
  16  0:43  Probe (Chrono Boost)  
  16  0:46  Assimilator  
  17  0:51  Probe  
  17  0:55  Assimilator  
  18  1:03  Probe (Chrono Boost)  
  19  1:09  Gateway  
  19  1:12  Probe (Chrono Boost)  
  19  1:17  Probe (Chrono Boost)  
  21  1:26  Cybernetics Core  
  21  1:29  Probe  
  22  1:38  Pylon  
  22  1:41  Probe  
  23  1:56  Probe  
  24  2:02  Warp Gate  
  24  2:03  Adept x2  
  28  2:10  Robotics Facility  
  28  2:33  Stalker  
  30  2:42  Pylon  
  30  2:45  Gateway  
  30  2:47  Probe  
  31  2:58  Immortal (Chrono Boost)  
  29  3:04  Sentry  
  36  3:06  Stalker  
  36  3:11  Pylon  
  37  3:26  Warp Prism (Chrono Boost)  
  39  3:37  Pylon  
  39  3:52  Adept x3  
  43  3:57  Observer  
  44  4:09  Pylon  
  44  4:13  Adept x2  
  44  4:14  Adept  
  50  4:34  Stalker x2  
  50  4:35  Stalker  
  54  4:57  Stalker x2  
  54  4:59  Stalker  
  42  5:32  Stalker  
  42  5:33  Stalker x2  
  42  5:35  Pylon  
Show
View Real Time Build Order
Export as new Build Order

Firefly Protoss 

Build Orders:  

Get SALT Encoding   

  12  0:00  Probe  
  13  0:12  Probe  
  14  0:17  Pylon  
  14  0:24  Probe (Chrono Boost)  
  15  0:36  Probe (Chrono Boost)  
  15  0:37  Gateway  
  16  0:45  Probe (Chrono Boost)  
  16  0:49  Assimilator  
  17  0:51  Probe  
  18  0:58  Assimilator  
  18  1:03  Probe (Chrono Boost)  
  19  1:08  Gateway  
  19  1:13  Probe (Chrono Boost)  
  20  1:18  Probe (Chrono Boost)  
  21  1:26  Cybernetics Core  
  21  1:29  Probe  
  22  1:35  Pylon  
  22  1:41  Probe  
  24  2:02  Warp Gate (Chrono Boost), Adept x2  
  27  2:09  Probe  
  27  2:10  Pylon  
  28  2:24  Pylon  
  28  2:32  Sentry x2  
  32  2:48  Nexus  
  30  3:00  Stalker x2  
  34  3:08  Shield Battery  
  34  3:18  Gateway  
  34  3:22  Stargate  
  33  3:34  Pylon  
  33  3:51  Stalker x2  
  37  4:00  Probe  
  37  4:01  Probe  
  39  4:06  Phoenix (Chrono Boost)  
  41  4:13  Shield Battery  
  41  4:23  Stalker  
  45  4:25  Stalker  
  45  4:36  Stalker  
  47  4:40  Pylon  
  43  4:48  Shield Battery, Stalker  
  43  4:56  Stalker  
  45  5:03  Stalker  
  45  5:06  Pylon  
  47  5:13  Stalker  
  39  5:21  Stalker  
  29  5:29  Stalker  
  29  5:37  Stalker  
  24  5:46  Stalker  
Tags
 
Add a new tag
Caveats
  • Supply blocks, unpowered buildings, or Contaminate may cause inaccurate times.
  • Supply counts are checked every 10 seconds.